 Dungeon Crawl Stone Soup version 0.31-a0-702-gf82c85558f (webtiles) character file.

Game seed: 3421544538532512517

31 qw the Shooter (level 3, -4/21 HPs)
             Began as a Gargoyle Hunter on Sept 7, 2023.
             Slain by a black bear (6 damage)
             ... on level 2 of the Dungeon.
             The game lasted 00:00:17 (1033 turns).

qw the Shooter (Gargoyle Hunter)                    Turns: 1033, Time: 00:00:18

Health: -4/21      AC:  8    Str: 14    XL:     3   Next: 22%
Magic:  3/3        EV: 10    Int:  9    God:
Gold:   141        SH:  0    Dex: 15    Spells: 2/2 levels left

rFire   . . .        Y - +0 shortbow
rCold   . . .        (shield currently unavailable)
rNeg    + . .        i - +0 ring mail
rPois   inf          (no helmet)
rElec   +            (no cloak)
rCorr   .            (no gloves)
SInv    .            (no boots)
Will    .....        (no amulet)
Stlth   +            (no ring)
HPRegen 0.23/turn    (no ring)
MPRegen 0.08/turn

%: no passive effects
@: no status effects
A: sickness immunity, AC +3, negative energy resistance 1, electricity
resistance, torment resistance 1, petrification resistance
a: no special abilities


You were on level 2 of the Dungeon.
You visited 1 branch of the dungeon, and saw 2 of its levels.

You collected 141 gold pieces.


Innate Abilities, Weirdness & Mutations

You are immune to sickness and miasma.
Your stone body is resilient. (AC +3)
You are immune to poison.
You resist negative energy. (rN+)
You are resistant to electric shocks. (rElec)
You are resistant to unholy torment.
You are immune to petrification.


   Skills:
 - Level 2.3 Fighting
 - Level 5.0 Ranged Weapons
 + Level 0.1 Armour
 - Level 1.5 Dodging
 - Level 1.1 Stealth


You had 2 spell levels left.
You didn't know any spells.
Your spell library was empty.

Inventory:

Hand Weapons
 Y - a +0 shortbow (weapon)
Armour
 i - a +0 ring mail (worn)
Scrolls
 a - a scroll of identify
Potions
 f - a potion of resistance {unknown}
 g - a potion of heal wounds {unknown}
 h - a potion of lignification {unknown}
 j - a potion of curing {unknown}

Dungeon Overview and Level Annotations

Branches:
Dungeon (2/15)

Altars:


Message History

A ball python is nearby!
A ball python is nearby!
Found a stone staircase leading up.
You shoot an arrow. The arrow hits the ball python.
The ball python is heavily wounded.
You shoot an arrow. The arrow hits the ball python.
You kill the ball python!
a - a scroll of identify A black bear comes into view.
You shoot an arrow. The arrow hits the black bear.
The black bear growls angrily.
The black bear is moderately wounded.
You shoot an arrow. The arrow barely misses the black bear.
A goblin comes into view. It is wielding a +0 club.
The goblin shouts!
You shoot an arrow. The arrow hits the black bear!
The black bear is heavily wounded.
An endoplasm comes into view.
You shoot an arrow. The endoplasm quivers.
The arrow hits the black bear.
The black bear is severely wounded.
The black bear closely misses you. The black bear claws you.
The black bear claws you but does no damage.
You shoot an arrow. The arrow hits the black bear.
The black bear is severely wounded.
The black bear goes berserk!
You shoot an arrow. The arrow barely misses the black bear.
The black bear closely misses you.
The black bear claws you but does no damage. x2
The black bear bites you. The black bear claws you.
The black bear claws you but does no damage.
You shoot an arrow. The arrow hits the black bear.
The black bear is almost dead.
You hear a shout!
The black bear bites you. The black bear claws you. x2
A hobgoblin comes into view.
The black bear bites you but does no damage.
The black bear claws you.
You die...

.~~~~~~.~ ~.~~~~~~
g~~~~~ J.~~. 7..P #g. #
#.#####h##########.##.#
.......@......<(.......
########....###..#..#.#
####.......#......
#........###......
#.#.#.#..# .....
#.........# .....
#.#.#.#.#.... .#.#
#.......#.##......
...#.#.#.#.# #.


You could see a black bear (berserk), an endoplasm, a hobgoblin and a goblin.

Vanquished Creatures
  6 endoplasms (D:1)
  A giant cockroach (D:1)
  4 hobgoblins (D:1)
  5 ball pythons
  2 bats (D:1)
  5 frilled lizards (D:1)
  3 kobolds (D:1)
  4 rats (D:1)
30 creatures vanquished.

Notes
Turn   | Place    | Note
-------+----------+-------------------------------------------
     0 | D:1      | qw the Gargoyle Hunter began the quest for the Orb.
     0 | D:1      | Reached XP level 1. HP: 12/12 MP: 1/1
     0 | D:1      | 0 ||| qw: Version: 0.3-a-76-g4403597
     0 | D:1      | 0 ||| qw: Game counter: 818
     0 | D:1      | 0 ||| qw: Melee chars always use a shield: true
     0 | D:1      | 0 ||| qw: God list: Okawaru
     0 | D:1      | 0 ||| qw: Allow faded altars: false
     0 | D:1      | 0 ||| qw: Do Orc after clearing Dungeon:15 true
     0 | D:1      | 0 ||| qw: Do second Lair branch before Depths: true
     0 | D:1      | 0 ||| qw: Lair rune preference: random
     0 | D:1      | 0 ||| qw: Goals: Normal
     0 | D:1      | 0 ||| PLANNING D:1-11
   166 | D:1      | 166 ||| Stepping ~*~*~tactically~*~*~ (outnumbered).
   170 | D:1      | Reached XP level 2. HP: 17/17 MP: 2/2
   656 | D:1      | Reached XP level 3. HP: 21/21 MP: 3/3
   667 | D:1      | Reached skill level 5 in Ranged Weapons
   895 | D:1      | 895 ||| UPGRADING to +0 ring mail.
   905 | D:1      | 905 ||| DROPPING +0 leather armour.
   906 | D:1      | 906 ||| READING scroll labelled VISEIMPURHE.
   907 | D:1      | 907 ||| READING scroll labelled JAOTYM GYUXT.
   908 | D:1      | 908 ||| DROPPING scroll of butterflies.
  1024 | D:2      | Noticed a black bear
  1033 | D:2      | HP: 2/21 [black bear (5)]
  1033 | D:2      | Slain by a black bear

Levels and vault maps discovered:
D:1:      dpeg_arrival_three_same_balls, layout_basic, serial_bayou_pond_a,
          dreamdust_wishing_well, minmay_small_reverse_x
D:2:      layout_rooms, basic_ecumenical_altar, serial_co_window_serial,
          co_window_paths_b, co_window_paths_a, co_window_paths_b,
          co_window_of_opportunity_a, co_window_paths_b, co_window_paths_b,
          co_window_of_opportunity_a, co_window_2corner,
          co_window_unsneaky_path_d, co_window_corner_b, co_window_corner_b,
          co_window_sun, co_window_paths_e, glass_columns_b, glass_columns_a,
          glass_columns_b, glass_columns_a, glass_columns_c,
          ebering_dispersal_statue_hall, serial_bayou_pond_b, uniq_jessica

Skill      XL: |  1  2  3 |
---------------+----------+-----
Ranged Weapons | 5 |  5.0
Fighting       | |  2.3
Armour         | |  0.1
Dodging        | |  1.5
Stealth        | |  1.1

Action                     || total
---------------------------++-------
   Fire: Shortbow          ||    62
    Use: Scroll            ||     2
 Armour: Leather armour    ||     2
         Ring mail         ||    12
  Dodge: Dodged            ||     5

Table legend:
 A = Non-vault XP
 B = Vault XP
 C = Vault XP percentage of total XP
 D = Non-vault monster count
 E = Vault monster count
 F = Vault count percentage of total count
                 A         B        C        D         E       F
            +---------+---------+-------+---------+---------+-------
      Total |      39 |       6 |  13.3 |      26 |       4 |  13.3
            +---------+---------+-------+---------+---------+-------
        D:1 |      37 |       6 |  14.0 |      25 |       4 |  13.8
        D:2 |       2 |       0 |   0.0 |       1 |       0 |   0.0
            +---------+---------+-------+---------+---------+-------
